[Event "Team 45 45 League T75"]
[Site "Internet Chess Club"]
[Date "2018.01.26"]
[Round "6"]
[White "SeniorCitizen"]
[Black "guyd52"]
[Result "1-0"]
[WhiteElo "1281"]
[BlackElo "1281"]
[Opening "Pirc: classical, h3 system"]
[ECO "B08"]
[Time "17:01:29"]
[TimeControl "2700+45"]

1. e4 d6 2. d4 Nf6 3. Nc3 g6 4. Nf3 Bg7 5. h3 O-O 6. Bc4 Nbd7 7. a3 e6 8. O-O
Nb6 9. Bb3 Nfd7 10. Be3 Re8 11. Qd2 e5 12. Bg5 Bf6 13. Bxf6 Nxf6 14. dxe5 Be6
15. Bxe6 Rxe6 16. exf6 Qxf6 17. Qg5 Qxg5 18. Nxg5 Re5 19. Nf3 Rc5 20. Rfd1 Nc4
21. b4 Rc6 22. Nd5 Kf8 23. Nd4 Nb2 24. Nxc6 Nxd1 25. Rxd1 bxc6 26. Nxc7 Rc8 27.
Na6 Ke7 28. c4 c5 29. b5 f6 30. f3 g5 31. Kf2 h6 32. Kg3 h5 33. h4 Kd7 34. Rd5
Rg8 35. hxg5 fxg5 36. Kh3 g4+ 37. fxg4 hxg4+ 38. Kg3 Rf8 39. Nxc5+ Ke7 40. Rf5
Rh8 41. Nb7 Rh3+ 42. gxh3 gxh3 43. Kxh3 Ke6 44. Rd5 Kd7 45. Nxd6 Ke6 46. Kg4 Kd7
47. Ne8+ Kc8 48. Kf5 Kb7 49. a4 Kb6 50. e5 Ka5 51. e6 Kb4 52. e7 Kxc4 53. Nc7
Kb4 54. e8=Q Kxa4 55. b6+ Kb4 56. Qb5+ Kc3 57. bxa7 Kc2 58. Rd2+ Kxd2 59. Qd3+
Kxd3 60. a8=Q Kc3 61. Qa4 Kb2 62. Qh4 Kc3 63. Ke5 Kb2 64. Qh3 Kc2 65. Kd4 Kb2
66. Kc4 Kc2 67. Qh2+ Kb1 68. Kc3 Kc1 69. Qh1# {Black checkmated} 1-0

[Event "Team 45 45 League T75"]
[Site "Internet Chess Club"]
[Date "2018.01.27"]
[Round "6"]
[White "chuckh2"]
[Black "Electryon"]
[Result "0-1"]
[WhiteElo "1287"]
[BlackElo "1508"]
[Opening "Queen's pawn"]
[ECO "A40"]
[Time "12:01:03"]
[TimeControl "2700+45"]

1. d4 e6 2. Bf4 Nf6 3. e3 d5 4. Nf3 c5 5. c3 Nc6 6. Nbd2 cxd4 7. exd4 Nh5 8. Bg5
f6 9. Be3 Bd6 10. Bd3 Nf4 11. Bxf4 Bxf4 12. Qc2 f5 13. O-O-O Qa5 14. Kb1 Bd7 15.
Nb3 Qc7 16. g3 Bd6 17. Rhe1 h6 18. Bxf5 O-O-O 19. Bxe6 Rhf8 20. Bxd5 Bg4 21. Re3
Rf6 22. Nbd2 Rdf8 23. Rde1 Bh5 24. Be4 g5 25. h3 g4 26. hxg4 Bxg4 27. Nh2 Bd7
28. f4 h5 29. Nhf3 Ne7 30. Nh4 Ng8 31. Bg6 Qa5 32. Nc4 Qd5 33. Nxd6+ Rxd6 34.
Re5 Qc4 35. Bd3 Qc7 36. Rc5 Rc6 37. Ree5 b6 38. Rxc6 Qxc6 39. Ba6+ Kb8 40. Qe4
Qc7 41. Rxh5 Nf6 42. Qe5 Nxh5 43. Qxh5 Qd6 44. Qe5 Qxe5 45. dxe5 Rg8 46. Bc4
Rxg3 47. e6 Be8 48. Nf5 Kc7 49. Bd5 Rg4 50. c4 Rxf4 51. Ng7 Bg6+ 52. Kc1 Rf2 53.
c5 bxc5 54. Bb3 Kd6 55. a3 Ke7 56. Bd1 Kf6 57. Nh5+ Bxh5 58. Bxh5 Kxe6 59. Be8
Kd5 60. Bb5 Kd4 61. b3 Kc3 62. Kd1 Kxb3 63. Ke1 Rh2 64. a4 c4 65. Bd7 c3 66. Bf5
c2 67. Bxc2+ Kxc2 {White resigns} 0-1

[Event "Team 45 45 League T75"]
[Site "Internet Chess Club"]
[Date "2018.01.28"]
[Round "6"]
[White "sdcohle"]
[Black "BrerRabbit"]
[Result "0-1"]
[WhiteElo "1385"]
[BlackElo "1426"]
[Opening "Queen's Pawn"]
[ECO "A41"]
[Time "19:03:42"]
[TimeControl "2700+45"]

1. d4 d6 2. Bf4 g6 3. Nf3 Bg7 4. e3 Nd7 5. Be2 e5 6. dxe5 dxe5 7. Bg3 Qe7 8. c3
Ngf6 9. Nbd2 O-O 10. Qc2 Nh5 11. O-O-O Nxg3 12. hxg3 Nf6 13. Ng5 Bf5 14. e4 Bd7
15. Bc4 h5 16. Qb3 Be8 17. Ndf3 c6 18. Nh4 Bh6 19. f4 Kg7 20. Nhf3 Ng4 21. Rhf1
Ne3 22. Nxe5 Nxf1 23. Nexf7 Bxf7 24. Nxf7 Ne3 25. Rd3 Nxc4 26. Qxc4 Qxf7 27.
Qd4+ Kg8 28. Rf3 Rfd8 29. Qe5 Rd7 30. Kc2 Rad8 31. Rf2 Qe7 32. Qa5 Qxe4+ 33. Kb3
Qd5+ 34. Ka4 Qxa5+ 35. Kxa5 Rd2 36. Rxd2 Rxd2 37. Ka4 Rxb2 38. Ka3 Rxg2 {White
resigns} 0-1

[Event "Team 45 45 League T75"]
[Site "Internet Chess Club"]
[Date "2018.01.26"]
[Round "6"]
[White "WzeroMN"]
[Black "Aquaman"]
[Result "0-1"]
[WhiteElo "1141"]
[BlackElo "1282"]
[Opening "Sicilian: accelerated fianchetto, exchange variation"]
[ECO "B34"]
[Time "15:34:31"]
[TimeControl "2700+45"]

1. e4 c5 2. Nf3 Nc6 3. d4 cxd4 4. Nxd4 g6 5. Nxc6 bxc6 6. Nc3 Bg7 7. Bf4 e5 8.
Be3 Nf6 9. Bd3 O-O 10. Qe2 d5 11. exd5 cxd5 12. Bc5 Re8 13. Bb5 Bd7 14. O-O-O a6
15. Bxd7 Qxd7 16. Ba3 Qc6 17. Qf3 e4 18. Qh3 Rad8 19. Rhe1 d4 20. Ne2 d3 21. Nc3
Nd5 22. cxd3 Nxc3 23. bxc3 Qxc3+ 24. Kb1 Rb8+ {White resigns} 0-1

[Event "Team 45 45 League T75"]
[Site "Internet Chess Club"]
[Date "2018.01.25"]
[Round "6"]
[White "Fianchettoed"]
[Black "primerpaso"]
[Result "0-1"]
[WhiteElo "1760"]
[BlackElo "1880"]
[Opening "Queen's pawn game"]
[ECO "E10"]
[Time "19:02:57"]
[TimeControl "2700+45"]

1. d4 Nf6 2. c4 e6 3. Nf3 d5 4. cxd5 exd5 5. g3 Ne4 6. Nc3 c6 7. Bg2 Be7 8. O-O
O-O 9. Ne5 Nd6 10. b3 Re8 11. e3 f6 12. Nd3 Nd7 13. f4 Nf8 14. h3 Nf7 15. Kh2
Bd6 16. Qf3 Ne6 17. Bd2 b6 18. Rfc1 Qd7 19. Na4 Bb7 20. Bb4 Rab8 21. Bxd6 Nxd6
22. Nf2 Re7 23. g4 Rbe8 24. Nd1 Nd8 25. Qg3 Ba6 26. Nac3 Bd3 27. a4 Kh8 28. Ra2
Ne4 29. Bxe4 Bxe4 30. Nxe4 Rxe4 31. Rac2 Qe7 32. Rc3 Re6 33. Qg2 Qd7 34. Qc2 Qd6
35. Kg2 Qd7 36. Qd2 g6 37. Qf2 Nb7 38. f5 Rd6 39. fxg6 hxg6 40. Qc2 f5 41. Rxc6
fxg4 42. Rxd6 gxh3+ 43. Kh1 Qxd6 44. Qc6 Re7 45. Qxd6 Nxd6 46. Rc6 Nf5 47. Rxg6
Nxe3 48. Nf2 Nc2 49. Rh6+ Kg7 50. Rxh3 Re2 51. Kg1 Nxd4 52. Rd3 Rd2 53. b4 Rxd3
54. Nxd3 Kf6 55. Kf2 Kf5 56. Ke3 Nb3 57. Nf2 a5 58. bxa5 Nxa5 59. Kd4 Ke6 60.
Nd3 Nb3+ 61. Ke3 Kd6 62. Nb4 Kc5 63. Na6+ Kc4 64. Nb8 Nc5 {White resigns} 0-1

[Event "Team 45 45 League T75"]
[Site "Internet Chess Club"]
[Date "2018.01.27"]
[Round "6"]
[White "QuieroAprender"]
[Black "bradleyguo175"]
[Result "0-1"]
[WhiteElo "1547"]
[BlackElo "1829"]
[Opening "King's Indian defense, 3.Nc3"]
[ECO "E61"]
[Time "13:18:55"]
[TimeControl "2700+45"]

1. d4 Nf6 2. c4 g6 3. Nc3 Bg7 4. f4 d5 5. Nf3 O-O 6. h3 c6 7. cxd5 cxd5 8. e3
Nc6 9. a3 Bf5 10. Bd3 Ne4 11. Bxe4 Bxe4 12. Nxe4 dxe4 13. Ne5 Nxe5 14. fxe5 Qd5
15. O-O Rfd8 16. Bd2 Bxe5 17. Bb4 Bd6 18. Bxd6 Qxd6 19. Rc1 Rac8 20. Qb3 Qe6 21.
Qxe6 fxe6 22. Rc3 Rxc3 23. bxc3 Rc8 24. Rc1 b5 25. Kf2 Kf7 26. Kg3 g5 27. Kg4
Kg6 28. h4 h5+ 29. Kg3 e5 30. hxg5 Kxg5 31. Kf2 exd4 32. exd4 Kf4 33. g3+ Kg4
34. Re1 Kf5 35. Re3 Rc4 {White resigns} 0-1

[Event "Team 45 45 League T75"]
[Site "Internet Chess Club"]
[Date "2018.01.29"]
[Round "6"]
[White "filmdirector"]
[Black "Ludlow"]
[Result "0-1"]
[WhiteElo "1659"]
[BlackElo "1389"]
[Opening "Caro-Kann: classical variation"]
[ECO "B18"]
[Time "13:14:02"]
[TimeControl "2700+45"]

1. e4 c6 2. d4 d5 3. Nc3 dxe4 4. Nxe4 Bf5 5. Ng3 Bg6 6. Nf3 Nd7 7. Nh4 e6 8.
Nxg6 hxg6 9. Bd3 Be7 10. b3 Ngf6 11. O-O Qc7 12. c4 O-O-O 13. Qe2 Bd6 14. a4 Rh4
15. Bg5 Rxd4 16. Qe3 Bc5 17. b4 Ne5 18. bxc5 Rxd3 19. Qe2 Nxc4 20. Ne4 Nxe4 21.
Bxd8 Qxd8 22. Qxe4 Nd2 23. Qb4 Nxf1 24. Rxf1 Rd1 25. g3 Rxf1+ 26. Kxf1 Qd5 27.
a5 Qh1+ 28. Ke2 Qa1 29. Qf4 Qb2+ 30. Kf1 f6 31. Qd6 Qb1+ 32. Kg2 Qe4+ 33. Kg1
Qd5 34. Qe7 Qd8 35. Qxg7 g5 36. Qf7 e5 37. a6 Qd1+ 38. Kg2 bxa6 39. Qxa7 Qd5+
40. Kf1 Qd1+ 41. Kg2 Qd5+ 42. Kh3 Qd7+ 43. Kg2 Qxa7 {White resigns} 0-1

[Event "Team 45 45 League T75"]
[Site "Internet Chess Club"]
[Date "2018.01.26"]
[Round "6"]
[White "olivermx"]
[Black "pokerram"]
[Result "1/2-1/2"]
[WhiteElo "1305"]
[BlackElo "1496"]
[Opening "Sicilian"]
[ECO "B50"]
[Time "17:31:23"]
[TimeControl "2700+45"]

1. e4 c5 2. Nf3 d6 3. Bc4 e6 4. d3 Nc6 5. a3 a6 6. O-O Nf6 7. h3 Be7 8. Be3 b5
9. Ba2 O-O 10. Nbd2 Bb7 11. Re1 Qc7 12. Nf1 Rfe8 13. Ng3 Bf8 14. Bg5 Nd7 15. Qd2
Nd4 16. Nxd4 cxd4 17. Qc1 d5 18. exd5 exd5 19. Ne2 Bc5 20. b4 Bb6 21. Bb3 a5 22.
Bf4 Qd8 23. Qb2 Qf6 24. Bg3 a4 25. Ba2 g5 26. f3 Ne5 27. Bf2 Nxf3+ 28. gxf3 Qxf3
29. Nxd4 Qxh3 30. Rad1 Qg4+ 31. Kf1 Qh3+ 32. Kg1 Qg4+ 33. Kf1 Qh3+ {Game drawn
by mutual agreement} 1/2-1/2

[Event "Team 45 45 League T75"]
[Site "Internet Chess Club"]
[Date "2018.01.28"]
[Round "6"]
[White "Packerfan"]
[Black "justice02"]
[Result "0-1"]
[WhiteElo "1771"]
[BlackElo "1678"]
[Opening "Caro-Kann: Panov-Botvinnik attack"]
[ECO "B13"]
[Time "14:31:08"]
[TimeControl "2700+45"]

1. e4 c6 2. d4 d5 3. exd5 cxd5 4. c4 Nf6 5. Nc3 Qa5 6. Bd2 Qd8 7. Nf3 a6 8. Qb3
dxc4 9. Bxc4 e6 10. O-O Nc6 11. Ne2 Be7 12. d5 exd5 13. Bd3 O-O 14. Bc3 Qd6 15.
Rad1 Bg4 16. Nfd4 Nxd4 17. Bxd4 b5 18. h3 Be6 19. Bb1 Nh5 20. Qd3 g6 21. Qe3 f5
22. Be5 Qb4 23. a3 Qh4 24. Bg3 Qf6 25. Be5 Qf7 26. Nd4 Bc5 27. Qd2 Bxd4 28. Qxd4
Rac8 29. Ba2 Rfd8 30. Rc1 Qb7 31. Rc5 Rxc5 32. Qxc5 Rc8 33. Qd6 Qc6 34. Rd1 Qxd6
35. Bxd6 Rd8 36. Be5 Kf7 37. Rc1 Bc8 38. Rc6 Ke8 39. Rc7 Be6 40. Rxh7 Rd7 41.
Rxd7 Kxd7 42. f3 Ke7 43. Kf2 Nf6 44. Ke3 d4+ 45. Kxd4 Bxa2 46. Bxf6+ Kxf6 47. g4
f4 48. h4 Bb3 49. Ke4 g5 50. h5 Ke6 51. Kd4 a5 52. Kc5 Bd1 53. h6 Kf6 54. Kxb5
Bxf3 55. Kc4 Bxg4 56. Kd3 Bf5+ 57. Ke2 g4 58. b4 axb4 59. axb4 Ke6 60. Kd2 g3
61. Ke2 g2 62. Kf2 f3 {White resigns} 0-1

[Event "Team 45 45 League T75"]
[Site "Internet Chess Club"]
[Date "2018.01.30"]
[Round "6"]
[White "Grenadier"]
[Black "kutch"]
[Result "1-0"]
[WhiteElo "1633"]
[BlackElo "1546"]
[Opening "Bishop's opening: Berlin defense"]
[ECO "C24"]
[Time "19:05:30"]
[TimeControl "2700+45"]

1. e4 e5 2. Bc4 Nf6 3. d3 Bc5 4. Nc3 h6 5. f4 d6 6. Nf3 Nc6 7. f5 Ng4 8. Rf1 Be3
9. h3 Bxc1 10. Qxc1 Nf6 11. Qe3 Na5 12. O-O-O Nxc4 13. dxc4 Bd7 14. Rd3 Qe7 15.
Rfd1 Bc6 16. Nd5 Bxd5 17. cxd5 Qd7 18. b3 Qb5 19. c4 Qb4 20. Kb2 Qb6 21. Nd2
Qxe3 22. Rxe3 a5 23. a4 Ke7 24. Nb1 c6 25. Nc3 Rhg8 26. Red3 Rad8 27. g4 g6 28.
Rf3 gxf5 29. Rxf5 Rg5 30. Rdf1 Rxf5 31. Rxf5 Rg8 32. Kc2 Rg5 33. Rxg5 hxg5 34.
Kd3 Nd7 35. dxc6 bxc6 36. Kc2 Nc5 37. Kb2 Nd3+ 38. Ka3 Kd7 39. Na2 Nf2 40. b4
Nxe4 41. bxa5 Nc5 42. Nb4 Kc7 43. a6 Kb6 44. a7 Kxa7 45. Nxc6+ Kb6 46. Ne7 e4
47. Kb4 Nd3+ 48. Kc3 Nc5 49. Kd4 Ka5 50. Nc8 Kxa4 51. Nxd6 Kb4 52. Nxe4 Ne6+ 53.
Ke3 Nf4 54. Nxg5 Ng6 55. Nxf7 Kxc4 56. Ke4 Kc5 57. Kf5 Nh4+ 58. Kg5 Nf3+ 59. Kf4
Nh4 60. Kg3 Ng6 61. h4 Kd5 62. h5 Nf8 63. g5 Ke6 64. Nd8+ Ke7 65. Nc6+ Kf7 66.
Kg4 Ne6 67. Kf5 Ng7+ 68. Kg4 Ne6 69. h6 Kg6 70. Ne5+ Kh7 71. Kf5 Nf8 72. Kf6 Kg8
73. g6 Kh8 74. g7+ Kh7 75. Kf7 Ng6 76. g8=Q+ {Black resigns} 1-0

[Event "Team 45 45 League T75"]
[Site "Internet Chess Club"]
[Date "2018.01.28"]
[Round "6"]
[White "tryanything"]
[Black "GoIrish"]
[Result "1/2-1/2"]
[WhiteElo "1535"]
[BlackElo "1473"]
[Opening "two knights: Max Lange attack, Steinitz variation"]
[ECO "C55"]
[Time "19:47:10"]
[TimeControl "2700+45"]

1. e4 e5 2. Nf3 Nc6 3. Bc4 Nf6 4. d4 exd4 5. O-O Bc5 6. e5 Ng4 7. Bf4 d6 8. exd6
Bxd6 9. Bxd6 Qxd6 10. h3 Nge5 11. Nxe5 Nxe5 12. Re1 O-O 13. Nd2 Bf5 14. Bb3 c5
15. Nc4 Nxc4 16. Bxc4 Be6 17. Bxe6 fxe6 18. Re4 e5 19. Qe2 Rae8 20. Re1 Qf6 21.
f4 Qg6 22. fxe5 Qe6 23. b3 a6 24. Rf1 Rxf1+ 25. Qxf1 Rf8 26. Qe2 b5 {Game drawn
by mutual agreement} 1/2-1/2

[Event "Team 45 45 League T75"]
[Site "Internet Chess Club"]
[Date "2018.01.28"]
[Round "6"]
[White "bmw2002"]
[Black "clarinetref"]
[Result "0-1"]
[WhiteElo "1437"]
[BlackElo "1521"]
[Opening "English: symmetrical variation"]
[ECO "A30"]
[Time "08:02:50"]
[TimeControl "2700+45"]

1. c4 c5 2. g3 g6 3. Bg2 Bg7 4. Nc3 e6 5. e3 Ne7 6. Nge2 Nbc6 7. O-O O-O 8. d4
cxd4 9. Nxd4 a6 10. Nxc6 bxc6 11. e4 Bb7 12. Qc2 Rc8 13. Rd1 Qc7 14. Be3 Bxc3
15. Qxc3 f6 16. Bc5 d5 17. Qb4 Rf7 18. Rac1 a5 19. Qa3 f5 20. cxd5 exd5 21. exd5
Nxd5 22. Bd6 Qb6 23. Bxd5 cxd5 24. Rxc8+ Bxc8 25. Rxd5 Bb7 26. Rc5 Rd7 27. Re5
Qxd6 28. Qb3+ Kg7 29. Re1 Qc6 30. f3 Qxf3 31. Qc2 Qh1+ 32. Kf2 Qxh2+ {White
resigns} 0-1

[Event "Team 45 45 League T75"]
[Site "Internet Chess Club"]
[Date "2018.01.26"]
[Round "6"]
[White "LookImYourVader"]
[Black "ascoli"]
[Result "1-0"]
[WhiteElo "1797"]
[BlackElo "1662"]
[Opening "King's Indian: Andersson variation"]
[ECO "E92"]
[Time "12:32:01"]
[TimeControl "2700+45"]

1. d4 Nf6 2. c4 g6 3. Nc3 Bg7 4. e4 d6 5. Nf3 O-O 6. Be2 e5 7. dxe5 dxe5 8. Qxd8
Rxd8 9. Bg5 c6 10. O-O h6 11. Be3 Ng4 12. Bc5 Be6 13. h3 Nf6 14. Rad1 Na6 15.
Rxd8+ Rxd8 16. Bxa7 Nb4 17. Bc5 Nd3 18. Rd1 Nxc5 19. Rxd8+ Bf8 20. Nxe5 Nfxe4
21. Nxe4 Nxe4 22. Bf3 Ng5 23. Nd7 Nxf3+ 24. gxf3 Bxd7 25. Rxd7 b5 26. cxb5 cxb5
27. a3 b4 28. a4 {Black resigns} 1-0

[Event "Team 45 45 League T75"]
[Site "Internet Chess Club"]
[Date "2018.01.26"]
[Round "6"]
[White "zethhon"]
[Black "a-man"]
[Result "0-1"]
[WhiteElo "1369"]
[BlackElo "1671"]
[Opening "Queen's pawn game"]
[ECO "E10"]
[Time "19:00:25"]
[TimeControl "2700+45"]

1. d4 Nf6 2. Nf3 e6 3. c4 c5 4. Nc3 g6 5. e3 Bg7 6. Be2 O-O 7. O-O cxd4 8. Nxd4
Nc6 9. Ndb5 d5 10. b3 a6 11. Nd4 Nxd4 12. exd4 dxc4 13. bxc4 Qc7 14. Bb2 Rd8 15.
d5 exd5 16. cxd5 b5 17. Rc1 Qd7 18. Bf3 Bb7 19. Rc2 Nxd5 20. Rd2 Nxc3 21. Bxc3
Qc7 22. Bxb7 Rxd2 23. Qxd2 Qxb7 24. Bxg7 Kxg7 25. Qc3+ Kg8 26. Rb1 Rc8 27. Qe3
Qc6 28. h3 Qc5 29. Qd2 Qc2 30. Qe1 Qxa2 31. Ra1 Qb2 32. Kh2 Qf6 33. Qa5 Qxf2 34.
Qxa6 Qf4+ 35. g3 Rc2+ 36. Kg1 Qf2+ 37. Kh1 Qh2# {White checkmated} 0-1

[Event "Team 45 45 League T75"]
[Site "Internet Chess Club"]
[Date "2018.01.29"]
[Round "6"]
[White "RonaldoR"]
[Black "mambo99"]
[Result "1/2-1/2"]
[WhiteElo "1555"]
[BlackElo "1513"]
[Opening "Scandinavian defense"]
[ECO "B01"]
[Time "09:01:49"]
[TimeControl "2700+45"]

1. e4 d5 2. exd5 Nf6 3. Bb5+ Nbd7 4. Nf3 a6 5. Be2 Nxd5 6. d4 e6 7. O-O Be7 8.
c4 N5f6 9. Nc3 O-O 10. h3 Nb6 11. Be3 Bd7 12. Qc2 Rc8 13. Rac1 c5 14. dxc5 Bxc5
15. Bxc5 Rxc5 16. b3 Qe7 17. Rfd1 e5 18. Ng5 h6 19. Nge4 Bf5 20. Nxf6+ Qxf6 21.
Qd2 Rc7 22. Qd6 Rd7 23. Qxf6 gxf6 24. Rxd7 Nxd7 25. Rd1 Kg7 26. g4 Be6 27. Ne4
f5 28. Nd6 fxg4 29. Bxg4 f5 30. Nxf5+ Bxf5 31. Bxf5 Nc5 32. b4 Rxf5 33. bxc5 Rf7
34. Rd5 e4 35. Re5 Rc7 36. Rxe4 Rxc5 37. Re7+ Kf6 38. Rxb7 Rxc4 39. Rb6+ Kg5 40.
Rxa6 Rc2 41. a4 h5 42. a5 Kh4 43. Kg2 Ra2 44. Ra8 Ra3 45. a6 Rxh3 46. a7 Ra3 47.
f4 Ra2+ 48. Kf3 Ra3+ 49. Ke4 Ra4+ 50. Ke5 Ra5+ 51. Kd6 Ra6+ 52. Kc7 Ra1 53. Kb6
Rb1+ 54. Kc5 Ra1 55. Kd5 Ra5+ 56. Ke4 Ra4+ 57. Kd5 Ra5+ 58. Kc6 Ra1 59. f5 Rc1+
60. Kd5 Rd1+ 61. Kc4 Rc1+ 62. Kd3 Rd1+ 63. Kc2 Rd7 64. f6 Kh3 65. Kc3 h4 66. Kc4
Kh2 67. Kc5 h3 68. Kb6 Rf7 69. Rb8 Rxf6+ 70. Kb5 Rf5+ 71. Kc4 Ra5 72. a8=Q {Game
drawn by mutual agreement} 1/2-1/2

[Event "Team 45 45 League T75"]
[Site "Internet Chess Club"]
[Date "2018.01.27"]
[Round "6"]
[White "g8wrb"]
[Black "MartyJR"]
[Result "0-1"]
[WhiteElo "1323"]
[BlackElo "1471"]
[Opening "Sicilian: Alapin's variation (2.c3)"]
[ECO "B22"]
[Time "10:02:06"]
[TimeControl "2700+45"]

1. e4 c5 2. c3 d5 3. exd5 Qxd5 4. d4 Nf6 5. Nf3 Bf5 6. Nbd2 e6 7. Bc4 Qd8 8. O-O
Nc6 9. Nb3 cxd4 10. Nfxd4 Nxd4 11. Nxd4 Bg6 12. Qa4+ Nd7 13. Bb5 a6 14. Bg5 axb5
15. Bxd8 bxa4 16. Bg5 Nf6 17. Rad1 Be7 18. Rfe1 O-O 19. Nf3 Rfd8 20. Ne5 Bc2 21.
Rxd8+ Rxd8 {White resigns} 0-1

[Event "Team 45 45 League T75"]
[Site "Internet Chess Club"]
[Date "2018.01.26"]
[Round "6"]
[White "RD1974"]
[Black "SirIvanhoe"]
[Result "1-0"]
[WhiteElo "1630"]
[BlackElo "1548"]
[Opening "Caro-Kann: anti-anti-Caro-Kann defense"]
[ECO "B10"]
[Time "19:31:25"]
[TimeControl "2700+45"]

1. e4 c6 2. c4 d5 3. cxd5 cxd5 4. exd5 Nf6 5. Nc3 Nxd5 6. Nf3 Nxc3 7. bxc3 e6 8.
Bc4 Be7 9. O-O O-O 10. d4 Nc6 11. Bb2 Na5 12. Bd3 Qc7 13. Qe2 Bf6 14. Rac1 b6
15. Ba3 Rd8 16. c4 Bb7 17. c5 Bxf3 18. Qxf3 Bxd4 19. cxb6 Qxb6 20. Rb1 Qc7 21.
Rfc1 Qe5 22. Rb5 Bxf2+ 23. Kf1 Qd4 24. Ke2 Rd5 25. Rcc5 Qe5+ 26. Kxf2 Qd4+ 27.
Ke2 Rad8 28. Rxd5 exd5 29. Rxa5 Re8+ 30. Kd2 Qe5 31. Rc5 Qe1+ 32. Kc2 Qa1 33.
Qxd5 Qe1 34. Qf3 Qa1 35. Bc4 Qf6 36. Qxf6 gxf6 37. Rc7 {Black resigns} 1-0

[Event "Team 45 45 League T75"]
[Site "Internet Chess Club"]
[Date "2018.01.28"]
[Round "6"]
[White "Konstantinos"]
[Black "UrsaMajor"]
[Result "1-0"]
[WhiteElo "1658"]
[BlackElo "1464"]
[Opening "Caro-Kann: exchange variation"]
[ECO "B13"]
[Time "13:31:02"]
[TimeControl "2700+45"]

1. e4 c6 2. d4 d5 3. exd5 cxd5 4. Be2 Bf5 5. Nf3 Nc6 6. a3 Nf6 7. Nc3 h6 8. O-O
e6 9. Bd3 Bg4 10. Be2 Bd6 11. Re1 O-O 12. Be3 Rc8 13. Rc1 a6 14. h3 Bf5 15. Bd3
Bxd3 16. Qxd3 b5 17. Na2 Ne7 18. Nd2 Nf5 19. Nf1 Nh7 20. Bd2 Qf6 21. c3 Ng5 22.
Bxg5 Qxg5 23. Rc2 Nh4 24. f3 Ng6 25. Kh1 Qh4 26. Qd2 e5 27. dxe5 Bxe5 28. Qf2
Qf6 29. Rd2 Rce8 30. Rxd5 Nf4 31. Rdd1 Rd8 32. Nc1 Nh5 33. Ne2 Bc7 34. Rxd8 Rxd8
35. Neg3 Nxg3+ 36. Nxg3 Qh4 37. Ne4 Qf4 38. g3 Qf5 39. Kg2 Qe5 40. Re2 Kf8 41.
Qc5+ Bd6 42. Qxe5 Bxe5 43. Nc5 Bf6 44. Nxa6 Rd1 45. Nc7 Be7 46. Nxb5 Bc5 {Black
resigns} 1-0

[Event "Team 45 45 League T75"]
[Site "Internet Chess Club"]
[Date "2018.01.30"]
[Round "6"]
[White "UrsaMajor"]
[Black "noblitz-oblige"]
[Result "0-1"]
[WhiteElo "1449"]
[BlackElo "1507"]
[Opening "two knights defense: Ulvestad variation"]
[ECO "C57"]
[Time "20:01:07"]
[TimeControl "2700+45"]

1. e4 e5 2. Nf3 Nc6 3. Bc4 Nf6 4. Ng5 d5 5. exd5 b5 6. dxc6 bxc4 7. O-O h6 8.
Nxf7 Kxf7 9. Qe2 Qd5 10. Nc3 Qxc6 11. d3 cxd3 12. cxd3 Bb7 13. f3 Bc5+ 14. Be3
Bxe3+ 15. Qxe3 Qb6 16. Qf2 Rad8 17. Rfd1 Ba6 18. Ne4 Rxd3 19. Rxd3 Bxd3 20. Nc5
Bf5 21. Rc1 Rd8 22. g4 Bc8 23. Kg2 Rd5 24. Qc2 Qd6 25. Ne4 Nxe4 26. Qxc7+ Bd7
27. fxe4 Rd2+ 28. Kh1 Qd3 29. Qc4+ Qxc4 30. Rxc4 Bxg4 {White resigns} 0-1

[Event "Team 45 45 League T75"]
[Site "Internet Chess Club"]
[Date "2018.01.27"]
[Round "6"]
[White "stanbeers"]
[Black "mongmong"]
[Result "0-1"]
[WhiteElo "1357"]
[BlackElo "1444"]
[Opening "Bogo-Indian defense"]
[ECO "E11"]
[Time "20:01:01"]
[TimeControl "2700+45"]

1. d4 e6 2. c4 Nf6 3. Nf3 Bb4+ 4. Bd2 a5 5. a3 Bxd2+ 6. Nbxd2 O-O 7. e3 d6 8.
Bd3 Nbd7 9. O-O e5 10. Qc2 Re8 11. Rfe1 Qe7 12. h3 e4 13. Nxe4 Nxe4 14. Rac1 c5
15. Rcd1 b6 16. Nd2 Bb7 17. d5 Ndf6 18. Qb3 Qc7 19. Nxe4 Nxe4 20. Qc2 Nf6 21. e4
Re7 22. f4 Rae8 23. Re3 Bxd5 24. cxd5 Nxd5 25. Rf3 Nf6 26. Re1 h6 27. Kh1 Nd7
28. Bb5 Rf8 29. Bxd7 Rxd7 30. Rfe3 d5 31. e5 d4 32. Re4 b5 33. Rd1 Kh8 34. Rexd4
cxd4 35. Qd2 Rfd8 36. Qd3 Qc4 {White resigns} 0-1

[Event "Team 45 45 League T75"]
[Site "Internet Chess Club"]
[Date "2018.01.25"]
[Round "6"]
[White "smsxman"]
[Black "kingsrook"]
[Result "1-0"]
[WhiteElo "1377"]
[BlackElo "1172"]
[Opening "Sicilian: closed"]
[ECO "B23"]
[Time "11:01:07"]
[TimeControl "2700+45"]

1. e4 c5 2. Nc3 e6 3. Nf3 Nf6 4. Be2 Nc6 5. d3 Be7 6. O-O O-O 7. a3 d6 8. Bg5
Nd4 9. Nxd4 cxd4 10. Na2 h6 11. Bd2 e5 12. c3 dxc3 13. Bxc3 b6 14. Bf3 Bb7 15.
Re1 Qc7 16. Rc1 Qd7 17. d4 Qe6 18. Nb4 Rfd8 19. d5 Qd7 20. Bd2 Rac8 21. Rxc8
Rxc8 22. Bc3 a5 23. Nd3 Ba6 24. Nc1 Rc4 25. Na2 Qa4 26. b3 Qxa3 27. bxc4 Qxa2
28. Qa1 Qxc4 29. Be2 Qc8 30. Bxa6 Qxa6 31. h3 Qc4 32. f3 Nd7 33. Rc1 Qa6 34. Qa4
Nc5 35. Qe8+ Bf8 36. Qc6 a4 37. Rb1 Nb3 38. Ba1 Qd3 39. Rf1 b5 40. Qc3 Qc4 41.
f4 {Black forfeits on time} 1-0

[Event "Team 45 45 League T75"]
[Site "Internet Chess Club"]
[Date "2018.01.26"]
[Round "6"]
[White "rhayder"]
[Black "stantheman59"]
[Result "1-0"]
[WhiteElo "1188"]
[BlackElo "1208"]
[Opening "Caro-Kann defense"]
[ECO "B10"]
[Time "19:02:02"]
[TimeControl "2700+45"]

1. e4 c6 2. Nf3 d6 3. Nc3 Bg4 4. Be2 Bxf3 5. Bxf3 g6 6. d4 Bg7 7. Be3 Bh6 8. Qd2
Bxe3 9. Qxe3 Nd7 10. O-O-O Qa5 11. d5 c5 12. Be2 a6 13. Bg4 Nb6 14. a3 Nf6 15.
Bh3 Na4 16. Nxa4 Qxa4 17. e5 Qe4 18. exf6 Qxe3+ 19. fxe3 exf6 20. Rhf1 f5 21. g4
O-O-O 22. gxf5 g5 23. f6+ Kb8 24. Bg4 Rde8 25. Rf3 h5 26. Bf5 Rh6 27. h3 Rxf6
28. e4 Rxe4 29. Bxe4 Rxf3 30. Bxf3 g4 31. hxg4 h4 32. Bg2 Ka7 33. Rf1 Kb6 34.
Rxf7 Kb5 35. g5 Kc4 36. g6 b5 37. g7 b4 38. g8=Q b3 39. cxb3+ Kxb3 40. Rb7+ Ka2
41. Qg6 h3 42. Qb1# {Black checkmated} 1-0

[Event "Team 45 45 League T75"]
[Site "Internet Chess Club"]
[Date "2018.01.25"]
[Round "6"]
[White "fireball"]
[Black "Chess0985"]
[Result "0-1"]
[WhiteElo "1592"]
[BlackElo "1650"]
[Opening "Vienna gambit"]
[ECO "C29"]
[Time "19:09:40"]
[TimeControl "2700+45"]

1. e4 e5 2. Nc3 Nf6 3. f4 exf4 4. Nf3 d6 5. Bc4 Bg4 6. O-O Nc6 7. d4 Be7 8. Bxf4
O-O 9. a3 a6 10. Qd3 b5 11. Ba2 Nh5 12. Be3 Nf6 13. Nd5 Nxd5 14. Bxd5 Bd7 15.
Qc3 Qe8 16. e5 Rb8 17. exd6 Bxd6 18. Qd3 Be6 19. Ng5 g6 20. Bxe6 fxe6 21. Qe4
Nd8 22. Qh4 Qd7 23. Rxf8+ Bxf8 24. Rf1 h6 25. Qf4 Bd6 26. Qe4 hxg5 27. Qxg6+ Qg7
28. Qe8+ Kh7 29. h3 Qg6 30. Qd7+ Kg8 31. d5 exd5 32. Qg4 Nf7 33. Rf5 Re8 34. Bd4
Re4 35. Rxf7 Rxg4 36. Rg7+ Qxg7 37. Bxg7 Kxg7 38. hxg4 a5 39. Kf2 c5 40. b3 b4
41. a4 c4 42. Ke3 Bc5+ 43. Kf3 cxb3 44. cxb3 Kf6 45. Ke2 Ke5 {White resigns} 0-1